[Event "Team 45 45 League T46"]
[Site "Internet Chess Club"]
[Date "2010.09.13"]
[Round "6"]
[White "Salvatore"]
[Black "oldsj"]
[Result "1-0"]
[WhiteElo "1668"]
[BlackElo "1633"]
[Opening "Trompowsky attack (Ruth, Opocenský opening)"]
[ECO "A45"]
[Time "19:13:23"]
[TimeControl "2700+45"]

1. d4 Nf6 2. Bg5 c5 3. Bxf6 gxf6 4. d5 Qb6 5. Qc1 f5 6. g3 Bg7 7. c3 d6 8. Bg2
Nd7 9. Nd2 Nf6 10. Nh3 Ne4 11. O-O Bd7 12. Nc4 Qb5 13. Ne3 Bh6 14. f3 Qxe2 15.
f4 O-O-O 16. Re1 Qb5 17. Bf1 Qb6 18. Nc4 Qc7 19. a4 b5 20. axb5 Bxb5 21. Na5 c4
22. Kg2 e6 23. Ng1 Rdg8 24. Nc6 Bxc6 25. dxc6 Qxc6 26. Nf3 e5 27. Rxa7 Qc5 28.
Qe3 Qxe3 29. Rxe3 exf4 30. Re1 fxg3 31. h3 d5 32. Rea1 Be3 33. Rxf7 Kb8 34. Rxf5
Rd8 35. Ra5 d4 36. Rfb5+ Kc7 37. cxd4 Bxd4 38. Bxc4 Rhf8 39. Bd5 Nd2 40. Rb7+
Kd6 41. Nxd4 Ke5 42. Nf3+ Nxf3 43. Bxf3+ Kf4 44. Rb4+ Ke3 45. Re4+ Kd2 46. b4
Kc3 47. Rc5+ Kb3 48. b5 Rd2+ 49. Kxg3 Rd3 50. Rf4 Rg8+ 51. Kh4 Rg6 52. Bd5+ Ka3
53. Rf3 Rh6+ 54. Kg3 Rg6+ 55. Kh2 Rxf3 56. Bxf3 Kb4 57. Re5 Ka5 58. Bc6 Kb6 59.
Rh5 h6 60. Rh4 Rd6 61. Rg4 Rd2+ 62. Rg2 Rd6 63. h4 Rf6 64. Kh3 Rd6 65. h5 Rd3+
66. Kh4 Rd4+ 67. Rg4 Rd2 68. Rg6 Rd4+ 69. Kg3 Rd3+ 70. Kf4 {Black resigns} 1-0

[Event "Team 45 45 League T46"]
[Site "Internet Chess Club"]
[Date "2010.09.13"]
[Round "6"]
[White "Mark-SF"]
[Black "Berke"]
[Result "1-0"]
[WhiteElo "1718"]
[BlackElo "1498"]
[Opening "Benkö gambit accepted"]
[ECO "A58"]
[Time "11:00:43"]
[TimeControl "2700+45"]

1. d4 Nf6 2. c4 c5 3. d5 b5 4. cxb5 a6 5. bxa6 Bxa6 6. Nc3 g6 7. e4 d6 8. Bxa6
Nxa6 9. Nf3 Nd7 10. O-O Bg7 11. Qe2 Qb6 12. Nd2 O-O 13. Nc4 Qb8 14. Bg5 Re8 15.
f4 Bd4+ 16. Kh1 Qb4 17. a3 Qb3 18. Na5 Qb6 19. Nc6 Bf6 20. Bxf6 exf6 21. Nb5
Ndb8 22. Nxd6 Nxc6 23. Nxe8 Nd4 24. Nxf6+ Qxf6 25. Qc4 Rb8 26. e5 Qb6 27. d6 Ne6
28. f5 gxf5 29. Rxf5 Qxb2 30. Raf1 Rb7 31. Qxa6 Nd4 32. Rg5+ Kf8 33. d7 Rxd7 34.
Qc8+ Ke7 35. Qxc5+ Ke6 36. Rf6# {Black checkmated} 1-0

[Event "Team 45 45 League T46"]
[Site "Internet Chess Club"]
[Date "2010.09.12"]
[Round "6"]
[White "milesotoole"]
[Black "Just-Jim"]
[Result "0-1"]
[WhiteElo "1425"]
[BlackElo "1365"]
[Opening "Scotch gambit"]
[ECO "C44"]
[Time "20:42:29"]
[TimeControl "2700+45"]

1. e4 e5 2. Nf3 Nc6 3. d4 exd4 4. Bc4 Bb4+ 5. c3 dxc3 6. bxc3 Ba5 7. O-O Qe7 8.
Re1 Ne5 9. Nxe5 Qxe5 10. Qc2 Nf6 11. Bb2 O-O 12. Nd2 c6 13. Bb3 Bc7 14. Nf3 Qc5
15. Rad1 Qe7 16. c4 Re8 17. Qc3 Qc5 18. Qd3 d5 19. exd5 Rxe1+ 20. Rxe1 Bd7 21.
Ne5 Re8 22. Re2 Bxe5 23. Bxe5 Ng4 24. Bc2 g6 25. Bc3 Rxe2 26. Qxe2 cxd5 27. Bb3
d4 28. Bb2 d3 29. Qf3 Qb4 30. h3 Qe1# {White checkmated} 0-1

[Event "Team 45 45 League T46"]
[Site "Internet Chess Club"]
[Date "2010.09.12"]
[Round "6"]
[White "siddhu"]
[Black "rayonline53"]
[Result "1-0"]
[WhiteElo "1818"]
[BlackElo "1613"]
[Opening "Ruy Lopez: exchange variation, 5.O-O"]
[ECO "C68"]
[Time "16:00:31"]
[TimeControl "2700+45"]

1. e4 e5 2. Nf3 Nc6 3. Bb5 a6 4. Bxc6 dxc6 5. O-O Bd6 6. d4 Qe7 7. c3 Bg4 8. h3
Bh5 9. Be3 O-O-O 10. Nbd2 f6 11. Qc2 g5 12. dxe5 Bxe5 13. Nxe5 fxe5 14. f3 Nh6
15. Rfd1 Nf7 16. Nc4 Bg6 17. b4 h6 18. a4 Rxd1+ 19. Rxd1 Rd8 20. Rxd8+ Qxd8 21.
Qd2 Qxd2 22. Nxd2 Nd6 23. h4 Nf7 24. hxg5 hxg5 25. Kf2 Kd7 26. Ke2 Ke6 27. Kd3
Kf6 28. g4 Nd6 29. c4 Bf7 30. c5 Nc8 31. Kc3 b5 32. a5 Ne7 33. Nf1 Ng6 34. Kd2
Nf4 35. Ng3 Bg6 36. Bxf4 gxf4 37. Nf5 Bf7 38. Ke2 Kg5 39. Kf2 Be8 40. Ng7 Bd7
41. Kg2 Kg6 42. Nf5 Kg5 43. Kh3 Be8 44. Kg2 Kf6 45. Nh6 Kg7 46. Nf5+ Kf6 47. Kh3
Kg5 48. Nh4 Bd7 49. Ng2 Be6 50. Ne1 Bc4 51. Kg2 Kh4 52. Kf2 Kg5 53. Nc2 Kf6 54.
Ke1 Kg5 55. Kd2 Kf6 56. Ne1 Bf7 57. Nd3 Ke6 58. Ke2 Kf6 59. g5+ Kxg5 60. Nxe5
Be8 61. Kd3 Kf6 62. Kd4 Kg5 63. Nd3 Bh5 64. Ke5 Bxf3 65. Nxf4 Bg4 66. Ne6+
{Black resigns} 1-0

[Event "Team 45 45 League T46"]
[Site "Internet Chess Club"]
[Date "2010.09.14"]
[Round "6"]
[White "Whalen"]
[Black "oldprez"]
[Result "1-0"]
[WhiteElo "1593"]
[BlackElo "1309"]
[Opening "King's Indian: 6.Be2"]
[ECO "E91"]
[Time "12:00:05"]
[TimeControl "2700+45"]

1. Nf3 Nf6 2. d4 g6 3. c4 Bg7 4. Nc3 O-O 5. e4 d6 6. Be2 Nbd7 7. Be3 c5 8. d5
Ng4 9. Bd2 Nde5 10. Nxe5 Nxe5 11. f4 Ng4 12. Bxg4 Bxg4 13. Qxg4 Bd4 14. Rb1 f5
15. exf5 Rxf5 16. Nb5 Bg7 17. O-O a6 18. Nc3 b5 19. Qe2 b4 20. Qe6+ Kh8 21. Ne2
Rf6 22. Qe4 Rf5 23. b3 a5 24. Rbe1 a4 25. Ng3 Rf7 26. f5 Qf8 27. fxg6 Bd4+ 28.
Be3 Rxf1+ 29. Rxf1 Qg7 30. Bxd4 Qxd4+ 31. Qxd4+ cxd4 32. gxh7 axb3 33. axb3 d3
34. Rd1 Kxh7 35. Rxd3 Ra1+ 36. Kf2 Kg6 37. Re3 Ra2+ 38. Re2 Ra3 39. Re3 Ra2+ 40.
Kf3 Rb2 41. Ne2 Kf6 42. h4 Rb1 43. Nf4 Rf1+ 44. Kg4 Rf2 45. h5 Ra2 46. h6 Ra8
47. Kh5 Rg8 48. g4 Rg5+ 49. Kh4 Re5 50. Rxe5 dxe5 51. g5+ Kf7 52. g6+ Kg8 53.
Ne2 {Black resigns} 1-0

[Event "Team 45 45 League T46"]
[Site "Internet Chess Club"]
[Date "2010.09.11"]
[Round "6"]
[White "SeniorCitizen"]
[Black "stputte"]
[Result "0-1"]
[WhiteElo "1289"]
[BlackElo "1458"]
[Opening "Alekhine's defense: modern, fianchetto variation"]
[ECO "B04"]
[Time "04:28:56"]
[TimeControl "2700+45"]

1. e4 Nf6 2. e5 Nd5 3. Nf3 d6 4. d4 g6 5. Be2 Bg7 6. O-O O-O 7. Bg5 Nc6 8. exd6
cxd6 9. c3 Bf5 10. Nh4 Bd7 11. Nd2 h6 12. Be3 e5 13. Nhf3 Bg4 14. dxe5 dxe5 15.
Nxe5 Nxe5 16. Bxg4 Nxg4 17. Bd4 Bxd4 18. Qxg4 Bg7 19. Rfd1 Nf6 20. Qf3 Qc7 21.
Ne4 Nxe4 22. Qxe4 Rfe8 23. Qc2 Rad8 24. Rxd8 Rxd8 25. Rd1 Rxd1+ 26. Qxd1 b6 27.
Qe2 Qe5 28. Qd1 Bf8 29. g3 Qf6 30. Qe2 Qe6 31. Qxe6 fxe6 32. Kf1 Kf7 33. Ke2 Kf6
34. f3 Ke5 35. Kd3 Kd5 36. b3 Bd6 37. Ke3 b5 38. a4 bxa4 39. bxa4 Kc4 40. f4
Kxc3 41. Ke4 Kb4 42. h4 Kxa4 43. g4 Kb4 44. h5 gxh5 45. g5 hxg5 46. fxg5 Be7
{White resigns} 0-1

[Event "Team 45 45 League T46"]
[Site "Internet Chess Club"]
[Date "2010.09.12"]
[Round "6"]
[White "Ptzz"]
[Black "Geeloo"]
[Result "0-1"]
[WhiteElo "2073"]
[BlackElo "2108"]
[Opening "QGD: Chigorin defense"]
[ECO "D07"]
[Time "12:10:36"]
[TimeControl "2700+45"]

1. d4 d5 2. c4 Nc6 3. cxd5 Qxd5 4. e3 e5 5. Nc3 Bb4 6. Bd2 Bxc3 7. bxc3 Nf6 8.
f3 Qd6 9. Bd3 O-O 10. Ne2 Re8 11. O-O b6 12. Kh1 a5 13. Qb3 a4 14. Qc2 Ba6 15.
Ng3 Bxd3 16. Qxd3 Rad8 17. Qc4 Ra8 18. Nf5 Qe6 19. Qxe6 fxe6 20. Ng3 exd4 21.
cxd4 Ne7 22. Rfc1 c6 23. Rab1 b5 24. e4 Kf7 25. Kg1 Red8 26. Be3 Rab8 27. a3 h6
28. Ne2 Nd7 29. Bf4 Rbc8 30. Bd6 Nb6 31. Bb4 Nc4 32. Kf2 e5 33. Rd1 exd4 34.
Bxe7 Kxe7 35. Nxd4 Nxa3 36. Nf5+ Kf6 37. Rbc1 Nc4 38. g4 a3 39. f4 c5 40. e5+
Kf7 41. Re1 Rd2+ 42. Kg3 a2 43. Rxc4 bxc4 44. Nd6+ Rxd6 45. exd6 Ra8 46. d7 c3
47. Kf3 c2 48. h4 c1=Q 49. Rxc1 Ke7 50. Ra1 Kxd7 51. f5 Kd6 52. g5 h5 53. Ke4
Ra4+ 54. Kd3 Ke5 55. Kc3 Kxf5 {White resigns} 0-1

[Event "Team 45 45 League T46"]
[Site "Internet Chess Club"]
[Date "2010.09.10"]
[Round "6"]
[White "perikitosax"]
[Black "Jack-ONeill"]
[Result "0-1"]
[WhiteElo "1966"]
[BlackElo "2062"]
[Opening "Old Indian: main line"]
[ECO "A55"]
[Time "12:18:14"]
[TimeControl "2700+45"]

1. d4 Nf6 2. Nf3 d6 3. c4 Nbd7 4. Nc3 e5 5. e4 Be7 6. Be2 c6 7. O-O O-O 8. b3 a6
9. Qc2 Qc7 10. Bb2 Re8 11. d5 c5 12. Nh4 Nf8 13. Nf5 Ng6 14. g3 Rb8 15. a4 b6
16. h4 Nf8 17. Bc1 g6 18. Nxe7+ Qxe7 19. Bg5 N8d7 20. h5 Qf8 21. Qd2 Nxh5 22.
Bxh5 gxh5 23. Bh6 Qe7 24. Qe2 Qf6 25. Qxh5 Qg6 26. Qxg6+ hxg6 27. g4 Kh7 28. Bd2
Nf6 29. f3 Kg7 30. Kg2 Bd7 31. Rh1 Rh8 32. Bg5 Rxh1 33. Rxh1 b5 34. axb5 axb5
35. Bh6+ Kg8 36. Bg5 Kg7 37. Bh6+ Kg8 38. Bg5 Ne8 39. cxb5 Bxb5 40. Ra1 Bd3 41.
Be7 f6 42. Ra3 Bc2 43. Ne2 Bxb3 44. Nc3 Bc2 45. Ra6 Rb3 46. Na2 Bb1 47. Nc1 Rc3
48. Ne2 Rc2 49. Bxd6 Rxe2+ 50. Kg3 Nxd6 51. Rxd6 Kf7 52. Rc6 Rc2 53. Rc7+ Ke8
54. Rc6 Ke7 55. Rc7+ Kd6 56. Rc6+ Ke7 57. Rc7+ Kf8 58. Rc6 Kg7 59. g5 fxg5 60.
Re6 c4 61. Rxe5 Rd2 62. Re7+ Kf6 63. Re6+ Kf7 64. Rc6 Ba2 65. Kg4 Rd3 66. Kxg5
Rxf3 67. Rc7+ Ke8 68. Kxg6 c3 69. Kg5 Kd8 70. d6 Be6 71. Kg6 Bb3 72. e5 c2 73.
Kg7 Rf1 74. e6 c1=Q {White resigns} 0-1

[Event "Team 45 45 League T46"]
[Site "Internet Chess Club"]
[Date "2010.09.12"]
[Round "6"]
[White "Zumbi"]
[Black "spunni"]
[Result "1-0"]
[WhiteElo "2012"]
[BlackElo "1810"]
[Opening "Ruy Lopez: exchange, Bronstein variation"]
[ECO "C68"]
[Time "15:04:27"]
[TimeControl "2700+45"]

1. e4 e5 2. Nf3 Nc6 3. Bb5 a6 4. Bxc6 dxc6 5. O-O Qd6 6. Na3 Be6 7. Qe2 f6 8.
Rd1 O-O-O 9. d4 Bg4 10. Be3 exd4 11. Rxd4 Qe7 12. Rxd8+ Qxd8 13. Rd1 Qe8 14. Nc4
f5 15. Bg5 Nf6 16. Qe3 Bxf3 17. gxf3 Kb8 18. Bf4 Be7 19. Bxc7+ Kc8 20. Bf4 Nd7
21. Qa7 {Black resigns} 1-0

[Event "Team 45 45 League T46"]
[Site "Internet Chess Club"]
[Date "2010.09.13"]
[Round "6"]
[White "CapitanTrueno"]
[Black "Guoruey"]
[Result "1/2-1/2"]
[WhiteElo "1800"]
[BlackElo "1888"]
[Opening "Sicilian: Alapin's variation (2.c3)"]
[ECO "B22"]
[Time "15:08:29"]
[TimeControl "2700+45"]

1. e4 c5 2. c3 Nf6 3. e5 Nd5 4. Nf3 Nc6 5. Bc4 e6 6. O-O Be7 7. d4 cxd4 8. cxd4
O-O 9. Bxd5 exd5 10. Nc3 d6 11. Nxd5 dxe5 12. dxe5 Bg4 13. Bf4 Bc5 14. h3 Bh5
15. Qb3 Na5 16. Qd1 Nc6 17. Qb3 Na5 18. Qd1 Nc6 19. Qb3 Na5 {Game drawn by
repetition} 1/2-1/2

[Event "Team 45 45 League T46"]
[Site "Internet Chess Club"]
[Date "2010.09.11"]
[Round "6"]
[White "Stryker672"]
[Black "DTK"]
[Result "0-1"]
[WhiteElo "1969"]
[BlackElo "2221"]
[Opening "French: Steinitz, Boleslavsky variation"]
[ECO "C11"]
[Time "12:04:09"]
[TimeControl "2700+45"]

1. e4 e6 2. d4 d5 3. Nc3 Nf6 4. e5 Nfd7 5. f4 c5 6. Nf3 Nc6 7. Be3 cxd4 8. Nxd4
Bc5 9. Qd2 a6 10. Be2 O-O 11. O-O-O Bxd4 12. Bxd4 b5 13. Bf3 b4 14. Ne2 a5 15.
c4 bxc3 16. Nxc3 Nxd4 17. Qxd4 Ba6 18. Kb1 Rb8 19. a3 Nb6 20. Ka1 Nc4 21. Rb1
Qe7 22. Rhc1 Rb7 23. Bxd5 Rd7 24. g3 exd5 25. Nxd5 Qe6 26. Rd1 Rfd8 27. Qa7 Rxa7
28. Nf6+ gxf6 29. Rxd8+ Kg7 30. exf6+ Qxf6 {White resigns} 0-1

[Event "Team 45 45 League T46"]
[Site "Internet Chess Club"]
[Date "2010.09.12"]
[Round "6"]
[White "bobhill"]
[Black "screamingeagle"]
[Result "1-0"]
[WhiteElo "2022"]
[BlackElo "1964"]
[Opening "Dutch: Leningrad, main variation"]
[ECO "A87"]
[Time "23:21:06"]
[TimeControl "2700+45"]

1. d4 f5 2. c4 Nf6 3. g3 g6 4. Bg2 Bg7 5. Nf3 d6 6. b3 O-O 7. Bb2 c6 8. Nbd2 Qe8
9. Qc2 Nbd7 10. O-O e5 11. dxe5 dxe5 12. e4 f4 13. Rad1 Nh5 14. b4 Bf6 15. c5 b5
16. cxb6 Nxb6 17. a4 a5 18. bxa5 Rxa5 19. Qb3+ Nd5 20. exd5 cxd5 21. Ne4 Bg7 22.
Nd6 Qe6 23. Nxc8 Rxc8 24. Ng5 Qf6 25. Bxd5+ {Black resigns} 1-0

[Event "Team 45 45 League T46"]
[Site "Internet Chess Club"]
[Date "2010.09.12"]
[Round "6"]
[White "giltar"]
[Black "Beddathanme"]
[Result "0-1"]
[WhiteElo "1900"]
[BlackElo "1800"]
[Opening "Pirc: classical (two knights) system"]
[ECO "A48"]
[Time "10:00:18"]
[TimeControl "2700+45"]

1. d4 Nf6 2. Nf3 g6 3. Nc3 Bg7 4. e4 d6 5. Be3 O-O 6. Qd2 Ng4 7. Bg5 h6 8. Bh4
a6 9. O-O-O b5 10. h3 Nf6 11. e5 b4 12. Nb1 Nd5 13. Bc4 Be6 14. Rhe1 Nc6 15. g4
Re8 16. Bg3 Qd7 17. Qe2 Na5 18. Nbd2 Qa4 19. Kb1 Nc3+ 20. bxc3 bxc3 21. Ka1 cxd2
22. Nxd2 Nxc4 23. Nxc4 Bxc4 {White resigns} 0-1

[Event "Team 45 45 League T46"]
[Site "Internet Chess Club"]
[Date "2010.09.12"]
[Round "6"]
[White "Beetlejuice"]
[Black "Holzschlange"]
[Result "1-0"]
[WhiteElo "1824"]
[BlackElo "1850"]
[Opening "English: symmetrical, Benoni formation"]
[ECO "A31"]
[Time "10:33:43"]
[TimeControl "2700+45"]

1. d4 Nf6 2. c4 c5 3. Nf3 cxd4 4. Nxd4 e5 5. Nb5 d5 6. cxd5 Bb4+ 7. Bd2 Nxd5 8.
Bxb4 Nxb4 9. Nd6+ Ke7 10. Nxc8+ Qxc8 11. Nc3 Rd8 12. Qb3 N8c6 13. e3 Qf5 14. Rc1
Rd2 15. Be2 Rad8 16. O-O Kf8 17. a3 Nd3 18. Bxd3 R8xd3 19. Qxb7 Qg6 20. Nb1 Na5
21. Qb4+ Ke8 22. Nxd2 Nc6 23. Qb5 Rxd2 24. Rxc6 Qd3 25. Re6+ Kd8 26. Qe8+ Kc7
27. Rc6+ {Black resigns} 1-0

[Event "Team 45 45 League T46"]
[Site "Internet Chess Club"]
[Date "2010.09.12"]
[Round "6"]
[White "LucaTrapani"]
[Black "mickeys"]
[Result "1/2-1/2"]
[WhiteElo "1970"]
[BlackElo "1935"]
[Opening "Catalan: open, 5.Nf3"]
[ECO "E04"]
[Time "21:00:18"]
[TimeControl "2700+45"]

1. d4 e6 2. c4 d5 3. g3 dxc4 4. Bg2 Nf6 5. Nf3 Nc6 6. O-O Be7 7. Qa4 O-O 8. Qxc4
Qd5 9. Qa4 Bd7 10. Nc3 Qh5 11. Qc2 Nb4 12. Qb1 c5 13. a3 cxd4 14. Nxd4 e5 15.
Nc2 Nc6 16. Ne3 Nd4 17. Qd3 Rfd8 18. Bxb7 Rab8 19. Bd5 Bh3 20. Rd1 Bg4 21. Nxg4
Nxd5 22. Nxd5 Rxd5 23. Qe4 Nf3+ 24. Qxf3 Rxd1+ 25. Kg2 Rc8 26. Nf6+ Bxf6 27.
Qxh5 Rdxc1 28. Rxc1 Rxc1 29. Qf3 g6 30. Qa8+ Kg7 31. Qxa7 Rc2 32. Qb6 Rxe2 33.
Kf3 Rd2 34. a4 e4+ 35. Ke3 Rxb2 36. Qc7 Bg5+ 37. Kxe4 Rb4+ 38. Kf3 Rxa4 39. Qc2
Ra3+ 40. Kg4 Bf6 41. h4 Rc3 42. Qe2 Rc7 43. f4 Re7 44. Qd3 Rc7 45. h5 Rc5 46.
hxg6 hxg6 47. Qd6 Rf5 48. Kf3 Rb5 49. g4 Rb3+ 50. Ke4 g5 51. fxg5 Bxg5 52. Qe5+
Bf6 53. Qh5 Rg3 54. Kf4 Rg1 55. Qh2 Re1 {Game drawn by mutual agreement} 1/2-1/2

[Event "Team 45 45 League T46"]
[Site "Internet Chess Club"]
[Date "2010.09.13"]
[Round "6"]
[White "Constrictor"]
[Black "pishd"]
[Result "0-1"]
[WhiteElo "1717"]
[BlackElo "1767"]
[Opening "Réti v Dutch"]
[ECO "A04"]
[Time "08:01:53"]
[TimeControl "2700+45"]

1. Nf3 f5 2. b3 d6 3. d4 Nf6 4. Bb2 e6 5. g3 Be7 6. Bg2 O-O 7. O-O Qe8 8. c4 a5
9. Nc3 Ne4 10. Nd2 Nxc3 11. Bxc3 Qh5 12. e4 Qxd1 13. Raxd1 f4 14. e5 dxe5 15.
dxe5 Nc6 16. Nf3 a4 17. Ra1 fxg3 18. hxg3 Rd8 19. Rfd1 Rxd1+ 20. Rxd1 axb3 21.
axb3 Ra3 22. Rb1 Bd7 23. Nd4 Nxd4 24. Bxd4 c6 25. Bf3 Be8 26. Bd1 Bg6 27. Ra1
Rxa1 28. Bxa1 Bc5 29. Kf1 Bd3+ 30. Ke1 Bb4+ {White resigns} 0-1

[Event "Team 45 45 League T46"]
[Site "Internet Chess Club"]
[Date "2010.09.10"]
[Round "6"]
[White "LazyPeon"]
[Black "JWB"]
[Result "1-0"]
[WhiteElo "1731"]
[BlackElo "1703"]
[Opening "Grünfeld: Stockholm variation"]
[ECO "D80"]
[Time "14:00:25"]
[TimeControl "2700+45"]

1. d4 Nf6 2. c4 g6 3. Nc3 d5 4. Bg5 Ne4 5. Bh4 Nxc3 6. bxc3 Bg7 7. e3 c5 8. Nf3
Nc6 9. Be2 dxc4 10. Bxc4 cxd4 11. cxd4 Qa5+ 12. Nd2 O-O 13. O-O e6 14. Nb3 Qc7
15. Rc1 Qb6 16. Qf3 Na5 17. Nxa5 Qxa5 18. Bb3 Rb8 19. Be7 Re8 20. Bd6 Ra8 21.
Rc7 Qf5 22. Qxf5 gxf5 23. Rfc1 Bf8 24. Be5 b5 25. R1c6 Be7 26. d5 exd5 27. Bxd5
Be6 28. Rxe6 fxe6 29. Bxa8 Rxa8 30. Rxe7 Rd8 31. h3 Rd2 32. Rxa7 Rd5 33. f4 Rd3
34. Kf2 Rd2+ 35. Kf3 b4 {Black resigns} 1-0

[Event "Team 45 45 League T46"]
[Site "Internet Chess Club"]
[Date "2010.09.09"]
[Round "6"]
[White "TerryMalloy"]
[Black "AntMantis"]
[Result "1/2-1/2"]
[WhiteElo "2035"]
[BlackElo "2044"]
[Opening "Scandinavian defense"]
[ECO "B01"]
[Time "17:01:55"]
[TimeControl "2700+45"]

1. e4 d5 2. exd5 Qxd5 3. Nc3 Qa5 4. d4 Nf6 5. Nf3 Bf5 6. Bc4 e6 7. Bd2 c6 8. Qe2
Bb4 9. O-O-O Nbd7 10. Nh4 Bg6 11. Nxg6 hxg6 12. Kb1 O-O-O 13. a3 Bxc3 14. Bxc3
Qc7 15. h3 Nb6 16. Bb3 Rh5 17. Rd3 Nbd5 18. Bd2 Nf4 19. Bxf4 Qxf4 20. Rhd1 Qe4
21. Qxe4 Nxe4 22. Rf1 Rf5 23. f3 Ng3 24. Rfd1 b5 25. c3 Rf4 26. a4 a6 27. Kc2
Kb7 {Game drawn by mutual agreement} 1/2-1/2

[Event "Team 45 45 League T46"]
[Site "Internet Chess Club"]
[Date "2010.09.10"]
[Round "6"]
[White "Karan99"]
[Black "Chess2Play"]
[Result "1-0"]
[WhiteElo "1755"]
[BlackElo "1666"]
[Opening "Sicilian: Smith-Morra gambit"]
[ECO "B21"]
[Time "20:08:05"]
[TimeControl "2700+45"]

1. e4 c5 2. d4 cxd4 3. c3 dxc3 4. Nxc3 Nc6 5. Nf3 d6 6. Bc4 e6 7. O-O Nf6 8. Qe2
Be7 9. Bf4 O-O 10. Rfd1 e5 11. Be3 Be6 12. Bxe6 fxe6 13. Qc4 Qd7 14. Ng5 Nd8 15.
Rd2 Ng4 16. Nf3 Nxe3 17. fxe3 Rc8 18. Qb3 Qc6 19. Rc2 Qb6 20. Rac1 Qxb3 21. axb3
a6 22. Nd5 Nc6 23. Rxc6 bxc6 24. Nxe7+ Kf7 25. Nxc8 Rxc8 26. Ng5+ Ke7 27. Nxh7
d5 28. exd5 exd5 29. Ng5 c5 30. Rf1 Rf8 31. Rxf8 Kxf8 32. Ne6+ Ke7 33. Nxc5 a5
34. Kf2 d4 35. exd4 exd4 36. Ke2 {Black resigns} 1-0

[Event "Team 45 45 League T46"]
[Site "Internet Chess Club"]
[Date "2010.09.12"]
[Round "6"]
[White "Nakke"]
[Black "dagger132"]
[Result "1-0"]
[WhiteElo "1695"]
[BlackElo "1212"]
[Opening "Scandinavian (center counter) defense"]
[ECO "B01"]
[Time "13:00:12"]
[TimeControl "2700+45"]

1. e4 d5 2. exd5 Qxd5 3. Nc3 Qa5 4. Bc4 Nf6 5. d3 Bf5 6. Bd2 Qb6 7. Nf3 e6 8.
O-O Bd6 9. Na4 Qc6 10. Nd4 Bxh2+ 11. Kh1 Qd6 12. Nxf5 exf5 13. Re1+ Kf8 14. Qf3
Nc6 15. g3 Ng4 16. Qxf5 Qg6 17. Qxg6 hxg6 18. Kg2 Nd4 19. Bb3 f5 20. Bb4+ {Black
resigns} 1-0

[Event "Team 45 45 League T46"]
[Site "Internet Chess Club"]
[Date "2010.09.13"]
[Round "6"]
[White "AnandPM"]
[Black "Andressa"]
[Result "0-1"]
[WhiteElo "937"]
[BlackElo "1500"]
[Opening "King's pawn game"]
[ECO "C50"]
[Time "21:00:51"]
[TimeControl "2700+45"]

1. e4 e5 2. Nf3 Nc6 3. Bc4 h6 4. Nc3 Nf6 5. d3 Be7 6. d4 exd4 7. Nxd4 O-O 8. O-O
Na5 9. Bb3 Nxb3 10. axb3 Bb4 11. e5 Bxc3 12. exf6 Bxd4 13. Qxd4 Qxf6 14. Qxf6
gxf6 15. Bxh6 Re8 16. Rfe1 Rxe1+ 17. Rxe1 Kh7 18. Bf4 d6 19. Re8 a5 20. Kf1 b6
21. Ke2 Ba6+ 22. Ke3 Rxe8+ 23. Kd4 Re2 24. Bg3 Rxc2 25. Kd5 Rxb2 26. Kc6 Rxb3
27. Kxc7 a4 28. Kxd6 a3 29. Ke7 Kg6 30. h4 a2 31. Bf4 a1=Q 32. g4 Qe1+ 33. Kf8
Qb4+ 34. Kg8 Qxf4 35. h5+ Kh6 36. Kxf7 Qxg4 37. Kxf6 Rf3+ 38. Ke7 Qe4+ 39. Kd7
Rd3+ 40. Kc7 Qc4+ 41. Kb8 Rd8+ 42. Ka7 Qc7+ 43. Kxa6 Ra8+ 44. Kb5 Qc5# {White
checkmated} 0-1

[Event "Team 45 45 League T46"]
[Site "Internet Chess Club"]
[Date "2010.09.12"]
[Round "6"]
[White "Whalen"]
[Black "MateIn42"]
[Result "1-0"]
[WhiteElo "1587"]
[BlackElo "1407"]
[Opening "Queen's bishop game"]
[ECO "D02"]
[Time "11:06:35"]
[TimeControl "2700+45"]

1. d4 d5 2. Nf3 Nf6 3. Bf4 Bg4 4. e3 Nh5 5. h3 Nxf4 6. hxg4 Ng6 7. Bd3 Qd6 8.
Nc3 c6 9. Ng5 h6 10. Bxg6 Qxg6 11. f4 e6 12. Qf3 Be7 13. O-O-O Nd7 14. Nh3 O-O-O
15. f5 exf5 16. gxf5 Qf6 17. e4 dxe4 18. Nxe4 Ne5 19. dxe5 Qxe5 20. Nhf2 Qa5 21.
Kb1 Qb6 22. Qg4 Ba3 23. f6+ Kb8 24. Qg3+ {Black resigns} 1-0

[Event "Team 45 45 League T46"]
[Site "Internet Chess Club"]
[Date "2010.09.10"]
[Round "6"]
[White "UsuallySleepy"]
[Black "stputte"]
[Result "1-0"]
[WhiteElo "1797"]
[BlackElo "1449"]
[Opening "Alekhine's defense: exchange variation"]
[ECO "B03"]
[Time "09:03:28"]
[TimeControl "2700+45"]

1. e4 Nf6 2. e5 Nd5 3. d4 d6 4. c4 Nb6 5. exd6 cxd6 6. h3 g6 7. Nf3 Bg7 8. Nc3
O-O 9. Bd3 Nc6 10. Be3 Nb4 11. Be2 Bf5 12. O-O Nc2 13. Rc1 Nxe3 14. fxe3 Rc8 15.
e4 Be6 16. b3 f5 17. Ng5 Bd7 18. exf5 Bxf5 19. Bg4 Qd7 20. Bxf5 Rxf5 21. Rxf5
Qxf5 22. Nf3 e6 23. Qe2 a6 24. Rf1 Rf8 25. Ne4 Nc8 26. Ng3 Qf7 27. Kh1 Qd7 28.
Re1 Re8 29. d5 e5 30. Ng5 Ne7 31. Ne6 Nf5 32. Ne4 h6 33. Qf2 b5 34. Qb6 bxc4 35.
bxc4 Ra8 36. Rb1 Qa7 37. a4 Qxb6 38. Rxb6 Rc8 39. g4 Nd4 40. Nxd6 Ra8 41. Nc7
Rf8 42. Kg2 Ne2 43. Ne6 Nf4+ 44. Nxf4 Rxf4 45. Rxa6 e4 46. Ra8+ Bf8 47. Re8 e3
48. c5 Rxa4 49. c6 Ra7 50. Nb5 Ra2+ 51. Kf3 e2 52. Rxe2 {Black resigns} 1-0

[Event "Team 45 45 League T46"]
[Site "Internet Chess Club"]
[Date "2010.09.13"]
[Round "6"]
[White "rgadoury"]
[Black "sdcohle"]
[Result "1/2-1/2"]
[WhiteElo "1277"]
[BlackElo "1403"]
[Opening "QGA, 4.Nc3"]
[ECO "D24"]
[Time "22:00:19"]
[TimeControl "2700+45"]

1. d4 d5 2. c4 dxc4 3. Nc3 Nf6 4. Nf3 e6 5. a3 Nbd7 6. e4 Nb6 7. Be3 c6 8. Ne5
Bd6 9. Nxc4 Nxc4 10. Bxc4 e5 11. dxe5 Bxe5 12. Qxd8+ Kxd8 13. Bxf7 Kc7 14. O-O
Bd7 15. Bb3 Bxc3 16. bxc3 Nxe4 17. c4 b6 18. Rfe1 Nf6 19. h3 Rad8 20. a4 a5 21.
c5 bxc5 22. Bxc5 Bf5 23. Be3 Nd5 24. Bxd5 Rxd5 25. Bf4+ Kd7 26. g4 Bg6 27. Rad1
Bf7 28. Rxd5+ Bxd5 29. Bd2 Bb3 30. Bxa5 Bxa4 31. Bb4 Re8 32. Rxe8 Kxe8 33. Bc5
g6 34. f4 Kf7 35. Kf2 Ke6 36. Ke3 Bc2 37. Kd4 Bb1 38. Ke3 Kd5 39. Bd4 c5 40. Bc3
Kc4 41. Kd2 Kb3 42. Be5 c4 43. Kc1 Be4 44. Bf6 c3 45. g5 c2 46. h4 Kc4 47. Be5
Kd5 48. Bc3 Ke6 49. Be1 Kf5 50. Bd2 Kg4 51. Be1 Kxf4 52. Kd2 Kf3 53. Kc1 Ke2 54.
Bg3 Bf5 55. Bf4 Kf3 56. Bd2 Ke2 57. Bf4 Be4 58. Bd2 Kf2 59. Bf4 Kf3 60. Bd2 Kf2
61. Bf4 Kf3 62. Bd2 Kg4 63. Be1 Kh5 64. Kb2 h6 65. gxh6 Kxh6 66. Kc1 Kh5 67. Kd2
Kg4 68. Kc1 {Game drawn by mutual agreement} 1/2-1/2

[Event "Team 45 45 League T46"]
[Site "Internet Chess Club"]
[Date "2010.09.11"]
[Round "6"]
[White "dabodhi"]
[Black "PsyMar"]
[Result "0-1"]
[WhiteElo "1186"]
[BlackElo "1237"]
[Opening "Scotch gambit: Dubois-Réti defense"]
[ECO "C55"]
[Time "12:00:18"]
[TimeControl "2700+45"]

1. e4 e5 2. Nf3 Nc6 3. d4 exd4 4. Bc4 Nf6 5. e5 d5 6. Bb5 Nd7 7. Nxd4 Ndxe5 8.
Qe2 Bd6 9. Nxc6 bxc6 10. Bxc6+ Bd7 11. Bxa8 Qxa8 12. f4 Bg4 13. Qb5+ Bd7 14. Qe2
Bg4 15. Qb5+ Bd7 16. Qb3 Ng6 17. Qe3+ Ne7 18. Rf1 O-O 19. Nc3 Re8 20. Qf2 Nf5+
21. Kd1 d4 22. Ne2 Ne3+ 23. Bxe3 dxe3 24. Qg3 Qd5+ 25. Kc1 Qd2+ 26. Kb1 Qxe2 27.
Re1 Qd2 28. a3 Bxf4 29. Qh4 g5 30. Qh5 Qxe1+ 31. Ka2 Qxa1+ 32. Kxa1 e2 33. Ka2
e1=Q {White resigns} 0-1